 Dungeon Crawl Stone Soup version 0.29.0-3-gbb0933ed62 (webtiles) character file.

Game seed: 468381778933003858

11 gelatine the Caller (level 2, -6/11 HPs)
             Began as a Felid Summoner on Aug 26, 2022.
             Mangled by a gnoll
             ... wielding a +0 flail
              (11 damage)
             ... on level 1 of the Dungeon.
             The game lasted 00:02:26 (629 turns).

gelatine the Caller (Felid Summoner)                 Turns: 629, Time: 00:02:26

Health: -6/11      AC:  1    Str:  4    XL:     2   Next: 13%
Magic:  0/6        EV: 17    Int: 16    God:
Gold:   0          SH:  0    Dex: 16    Spells: 4/5 levels left
                                        Lives:  0   Deaths: 0

rFire   . . .      SeeInvis +   (weapon unavailable)
rCold   . . .      Faith    .   (shield unavailable)
rNeg    . . .      Spirit   .   (body armour unavailable)
rPois   .          Reflect  .   (helmet unavailable)
rElec   .          Harm     .   (cloak unavailable)
rCorr   .          Rampage  .   (gloves unavailable)
Will    .....                   (boots unavailable)
Stlth   ++........              (no amulet)
HPRegen 0.03/turn               (no ring)
MPRegen 0.10/turn               (no ring)

@: quick
A: very small, claws 1, fangs 3, see invisible, speed 1, shaggy fur 1, stealthy
paws, no weapons or thrown items, no armour, multi-lived
a: no special abilities


You were on level 1 of the Dungeon.
You visited 1 branch of the dungeon, and saw 1 of its levels.

Inventory:

Potions
 a - a potion of magic
 b - 3 potions of curing {unknown}


   Skills:
 + Level 2.8 Dodging
 + Level 2.9 Stealth
 + Level 0.4 Unarmed Combat
 + Level 2.1 Spellcasting
 + Level 4.2 Summonings


You had 4 spell levels left.
You knew the following spells:

 Your Spells              Type           Power      Damage    Failure   Level
a - Summon Small Mammal   Summ           60%        N/A       3%          1

Your spell library contained the following spells:

 Spells                   Type           Power      Damage    Failure   Level
 Call Imp                 Summ           15%        N/A       5%          2
 Call Canine Familiar     Summ           15%        N/A       11%         3
 Magic Dart               Conj           4%         1d3       21%         1
 Summon Guardian Golem    Hex/Summ       8%         N/A       26%         3
 Searing Ray              Conj           2%         2d4       30%         2
 Summon Lightning Spire   Summ/Air       8%         N/A       65%         4
 Fulminant Prism          Conj/Hex       0%         3d6       90%         4


Dungeon Overview and Level Annotations

Branches:
Dungeon (1/15)

Altars:


Innate Abilities, Weirdness & Mutations

You have sharp claws.
You have razor-sharp teeth.
You have supernaturally acute eyesight. (SInv)
You cover ground quickly. (Speed+)
You are covered in fur. (AC +1)
Your paws help you pounce on unaware monsters.
You are incapable of wielding weapons or throwing items.
You cannot wear armour.
You gain extra lives every three experience levels.


Message History

You see here a murky green potion.
You see here a murky green potion.
b - 3 murky green potions (gained 1)
Casting: Summon Small Mammal (safe; 3% risk of failure)
Confirm with . or Enter, or press ? or * to list all spells.
Your bat hits the gnoll but does no damage.
Your bat hits the gnoll but does no damage.
Your bat disappears in a puff of smoke!
Your quokka barely misses the gnoll.
Casting: Summon Small Mammal (safe; 3% risk of failure)
Confirm with . or Enter, or press ? or * to list all spells.
Your quokka bites the gnoll.
The gnoll misses your quokka.
Your quokka bites the gnoll.
The gnoll hits your quokka with a +0 flail!
Your quokka dies!
Your quokka's corpse disappears in a puff of smoke!
Your bat completely misses the gnoll.
Your bat hits the gnoll but does no damage.
The gnoll closely misses your bat.
Casting: Summon Small Mammal (safe; 3% risk of failure)
Confirm with . or Enter, or press ? or * to list all spells.
Your bat barely misses the gnoll.
Your bat hits the gnoll but does no damage.
The gnoll hits your bat with a +0 flail.
Your bat dies!
Your bat's corpse disappears in a puff of smoke!
The gnoll shouts!
Your quokka barely misses the gnoll.
Your quokka bites the gnoll.
The gnoll closely misses your quokka.
You scratch the gnoll but do no damage.
The gnoll is almost dead.
The gnoll closely misses you.
Casting: Summon Small Mammal (safe; 3% risk of failure)
Confirm with . or Enter, or press ? or * to list all spells.
You don't have enough magic to cast this spell.
You barely miss the gnoll.
The gnoll is almost dead.
The gnoll hits you with a +0 flail!
Ouch! That really hurt!
You die...

#.# ##.. #. #.# #..
#. #.# ### .####+#.#
#.# ........# #.#
......).# ####.#
........# #....#
........####.####
.........@...#
........g###########
.........ยง.........#
....###............#
### #............#
#.............
#............#
#.#..........#
#.#.....(....#


You could see a gnoll.

Vanquished Creatures
  A goblin (D:1)
1 creature vanquished.

Vanquished Creatures (collateral kills)
  An endoplasm (D:1)
  2 goblins (D:1)
  A hobgoblin (D:1)
  A ball python (D:1)
  3 bats (D:1)
  2 rats (D:1)
10 creatures vanquished.

Grand Total: 11 creatures vanquished

Notes
Turn   | Place    | Note
-------+----------+-------------------------------------------
     0 | D:1      | gelatine the Felid Summoner began the quest for the Orb.
     0 | D:1      | Reached XP level 1. HP: 7/7 MP: 4/4
   580 | D:1      | Reached XP level 2. HP: 5/11 MP: 1/6
   629 | D:1      | Mangled by a gnoll

Illustrated notes

Levels and vault maps discovered:
D:1:      lemuel_arrival_hallway, layout_basic, minivault_23,
          serial_bayou_pond_d

Action                   || total
-------------------------++-------
Melee: Unarmed           ||    10
       Bite              ||     1
 Cast: Summon Small Mamm ||    25
Armor: Skin              ||     2
Dodge: Dodged            ||    15
